 Dungeon Crawl Stone Soup version 0.30.0-10-gfe55d96785 (webtiles) character file.

Game seed: 2584416036011777476

107 Spionbil2 the Digger (level 4, -1/34 HPs)
             Began as a Draconian Earth Elementalist on May 14, 2023.
             Slain by Ijyb
             ... wielding a +0 dagger
              (3 damage)
             ... on level 3 of the Dungeon.
             The game lasted 00:13:00 (2654 turns).

Spionbil2 the Digger (Draconian Earth Elementalist) Turns: 2654, Time: 00:13:01

Health: -1/34      AC:  6    Str: 10    XL:     4   Next: 57%
Magic:  8/8        EV: 12    Int: 18    God:
Gold:   125        SH:  0    Dex: 11    Spells: 2/8 levels left

rFire   . . .        m - +1 dagger (elec)
rCold   . . .        (no shield)
rNeg    . . .        (body armour unavailable)
rPois   .            (helmet restricted)
rElec   .            b - scarf {shadows}
rCorr   .            (no gloves)
SInv    .            f - +0 pair of boots
Will    .....        n - amulet of magic regeneration
Stlth   ++           (no ring)
HPRegen 0.25/turn    (no ring)
MPRegen 0.51/turn

%: no passive effects
@: no status effects
A: AC +5, unfitting armour, cold-blooded
a: no special abilities


You were on level 3 of the Dungeon.
You visited 1 branch of the dungeon, and saw 3 of its levels.

You collected 125 gold pieces.

Inventory:

Hand Weapons
 i - a +0 dagger of flaming
 m - a +1 dagger of electrocution (weapon)
Missiles
 e - 5 poisoned darts
 h - 18 stones
Armour
 b - a scarf of shadows (worn)
 f - a +0 pair of boots (worn)
Jewellery
 n - an amulet of magic regeneration (around neck)
Wands
 c - a wand of polymorph (8)
Scrolls
 d - 2 scrolls of identify
 g - 6 scrolls of teleportation
 k - a scroll of magic mapping {unknown}
 l - 2 scrolls of acquirement
 p - a scroll of noise {unknown}
 q - a scroll of blinking {unknown}
Potions
 a - 2 potions of magic
 j - a potion of ambrosia {unknown}
 o - a potion of brilliance {unknown}
 r - a potion of berserk rage {unknown}


   Skills:
 + Level 0.5 Fighting
 + Level 0.7 Short Blades
 + Level 2.4 Dodging
 + Level 2.0 Stealth
 + Level 2.7 Spellcasting
 * Level 0.3 Conjurations
 + Level 1.0 Transmutations
 * Level 4.0 Earth Magic


You had 2 spell levels left.
You knew the following spells:

 Your Spells              Type           Power      Damage    Failure   Level
a - Sandblast             Erth           34%        2d9       3%          1
b - Passwall              Tmut/Erth      9%         N/A       9%          2
c - Stone Arrow           Conj/Erth      20%        3d8       21%         3

Your spell library contained the following spells:

 Spells                   Type           Power      Damage    Failure   Level
 Foxfire                  Conj/Fire      12%        2x1d4     16%         1
 Slow                     Hex            8%         N/A       17%         1
 Confusing Touch          Hex            2%         N/A       45%         3
 Vampiric Draining        Necr           2%         2d6       45%         3
 Petrify                  Tmut/Erth      11%        N/A       52%         4
 Animate Dead             Necr           2%         N/A       86%         4
 Agony                    Necr           2%         N/A       99%         5
 Necromutation            Tmut/Necr      2%         N/A       100%        8


Dungeon Overview and Level Annotations

Branches:
Dungeon (3/15)

Altars:
Okawaru

Annotations:
D:2 Sigmund
D:3 Ijyb


Innate Abilities, Weirdness & Mutations

Your plain brown scales are hard. (AC +5)
You cannot fit into any form of body armour.
You are cold-blooded and may be slowed by cold attacks.


Message History

Nothing appears to happen.
Ijyb zaps a wand.
The bolt of dispelling energy hits you.
Aiming: Sandblast (safe; 3% risk of failure)
Press: ? - help, Q - select action, (/) - cycle Shift-Dir - straight line, f/p - Ijyb
Aim: Ijyb, wielding a +0 dagger, wearing a +0 chain mail and carrying a wand of quicksilver (12) (heavily wounded, 82% to hit)
The blast of sand hits Ijyb but does no damage.
Ijyb is heavily wounded.
Ijyb zaps a wand.
The bolt of dispelling energy hits you!
Aiming: Sandblast (safe; 3% risk of failure)
Press: ? - help, Q - select action, (/) - cycle Shift-Dir - straight line, f/p - Ijyb
Aim: Ijyb, wielding a +0 dagger, wearing a +0 chain mail and carrying a wand of quicksilver (11) (heavily wounded, 82% to hit)
The blast of sand hits Ijyb but does no damage.
Ijyb is heavily wounded.
Ijyb closely misses you. Ijyb hits you but does no damage.
Aiming: Sandblast (safe; 3% risk of failure)
Press: ? - help, Q - select action, (/) - cycle Shift-Dir - straight line, f/p - Ijyb
Aim: Ijyb, wielding a +0 dagger, wearing a +0 chain mail and carrying a wand of quicksilver (11) (heavily wounded, 82% to hit)
The blast of sand misses Ijyb.
Ijyb hits you with a +0 dagger.
Aiming: Sandblast (safe; 3% risk of failure)
Press: ? - help, Q - select action, (/) - cycle Shift-Dir - straight line, f/p - Ijyb
Aim: Ijyb, wielding a +0 dagger, wearing a +0 chain mail and carrying a wand of quicksilver (11) (heavily wounded, 82% to hit)
The blast of sand hits Ijyb but does no damage.
Ijyb is heavily wounded.
Ijyb zaps a wand.
The bolt of dispelling energy hits you!
* * * LOW HITPOINT WARNING * * *
Ijyb hits you with a +0 dagger.
* * * LOW HITPOINT WARNING * * *
You closely miss Ijyb.
Ijyb is moderately wounded.
Your magical contamination has completely faded away.
Ijyb attacks as you move away! Ijyb closely misses you.
You hit Ijyb but do no damage.
Ijyb is moderately wounded.
Ijyb barely misses you.
As you read the scroll labelled OZISOR QURUCKAN, it crumbles to dust.
It is a scroll of identify.
l - 2 scrolls of acquirement Ijyb hits you with a +0 dagger.
You die...

###..####. #........##
# #.##.####.#
#.##.##....... ####
#.............
.#...########.##.#####.
.........####.##.#
....$..g......##.#
.......#@#######.#
.?.)...#[# #.#
#....>##.# #.# ##...#
#.. >.# #### ####


You could see Ijyb.

Vanquished Creatures
  Robin (D:2)
  2 adders
  5 dart slugs
  An orc (D:3)
  3 bats
  2 endoplasms
  5 giant cockroaches
  9 goblins
  7 hobgoblins
  7 jackals (D:1)
  6 quokkas
  6 kobolds (D:1)
  5 rats
59 creatures vanquished.

Notes
Turn   | Place    | Note
-------+----------+-------------------------------------------
     0 | D:1      | Spionbil2 the Draconian Earth Elementalist began the quest
                  | for the Orb.
     0 | D:1      | Reached XP level 1. HP: 14/14 MP: 3/3
   332 | D:1      | Found an iron altar of Okawaru.
   354 | D:1      | Reached XP level 2. HP: 20/20 MP: 1/5
   921 | D:1      | Reached XP level 3. HP: 26/26 MP: 3/6
   953 | D:1      | Got the Secrets of the Secret Teeth
  1337 | D:2      | Noticed Sigmund
  1486 | D:2      | Noticed Robin
  1510 | D:2      | Killed Robin
  1544 | D:2      | Reached XP level 4. HP: 6/34 MP: 4/7
  1758 | D:2      | Learned a level 2 spell: Passwall
  1762 | D:2      | Learned a level 3 spell: Stone Arrow
  1845 | D:2      | Reached skill level 4 in Earth Magic
  2481 | D:3      | Found a faded altar of an unknown god.
  2641 | D:3      | Noticed Ijyb
  2649 | D:3      | HP: 1/34 [Ijyb/+0 dagger (5)]
  2654 | D:3      | Identified 2 scrolls of acquirement
  2654 | D:3      | Slain by Ijyb

Illustrated notes

Levels and vault maps discovered:
D:1:      dpeg_arrival_lava_altar, layout_basic, minmay_hexomino_r4
D:2:      layout_loops_ring, grunt_ministairs_7, columned_hall_lemuel,
          uniq_sigmund, uniq_robin
D:3:      layout_loops_ring, nicolae_ashenzari_panopticon,
          hellmonk_ecumenical_altar_run_dry, uniq_ijyb, uniq_crazy_yiuf_cottage

Skill      XL: |  1  2  3  4 |
---------------+-------------+-----
Dodging        | 2 |  2.4
Stealth        | 2 |  2.0
Earth Magic    | 4 |  4.0
Fighting       | |  0.5
Short Blades   | |  0.7
Spellcasting   | |  2.7
Conjurations   | |  0.3
Transmutations | |  1.0

Action                     |  1- 3 |  4- 6 || total
---------------------------+-------+-------++-------
  Melee: Short sword       |    14 |       ||    14
         Unarmed           |     5 |       ||     5
         Tailslap          |     9 |     5 ||    14
         Dagger            |   108 |    54 ||   162
         Punch             |     1 |       ||     1
   Cast: Sandblast         |    29 |    10 ||    39
    Use: Potion            |     2 |       ||     2
         Scroll            |     1 |     1 ||     2
   Stab: Sleeping          |     3 |     2 ||     5
 Armour: Skin              |    86 |    12 ||    98
  Dodge: Dodged            |    77 |    30 ||   107
